[Event "Early-Titled-Tuesday-Blitz-August-29-2023"]
[Site "Chess.com"]
[Date "2023.08.29"]
[Round "2"]
[White "Legendinunknown"]
[Black "averageFM"]
[Result "1-0"]
[WhiteElo "2813"]
[BlackElo "2535"]
[TimeControl "180+1"]
[EndTime "8:17:53 PDT"]
[Termination "Legendinunknown won by checkmate"]

1. e4 c5 2. Nf3 Nf6 3. e5 Nd5 4. Nc3 Nxc3 5. dxc3 Nc6 6. Bf4 Qc7 7. Qd2 e6 8. O-O-O h6 9. h4 a6 10. Bd3 b5 11. g4 Bb7 12. g5 hxg5 13. hxg5 Rxh1 14.
Rxh1 g6 15. Rh7 Ne7 16. Qe2 Nd5 17. Bd2 c4 18. Be4 Rc8 19. Nd4 Qd8 20. Qf3 Qe7 21. Bxg6 fxg6 22. Rxe7+ Bxe7 23. Qh3 Kd8 24. Qh7 Kc7 25.
Qxg6 Rh8 26. Kd1 Rh1+ 27. Ke2 b4 28. cxb4 Bxb4 29. c3 Bc5 30. Qf7 Ne7 31. Be3 Bxd4 32. Qxe7 Bxe3 33. Kxe3 Rh3+ 34. Ke2 Bf3+ 35. Kd2 Bd5 36.
Qc5+ Kb7 37. f4 Rd3+ 38. Ke1 Rf3 39. g6 Rg3 40. Qe7 Kc6 41. g7 Re3+ 42. Kf2 Rf3+ 43. Ke2 Rg3 44. Qf8 Rg2+ 45. Kf1 Rxb2 46. g8=Q Rb1+ 47.
Kf2 Rb2+ 48. Ke3 Rc2 49. Qa8+ Kb5 50. Qgb8+ Ka5 51. Qc7+ Kb5 52. Qxd7+ Ka5 53. Qad8# 1-0

[Event "Early-Titled-Tuesday-Blitz-August-29-2023"]
[Site "Chess.com"]
[Date "2023.08.29"]
[Round "2"]
[White "wonderfultime"]
[Black "Barbus89"]
[Result "1-0"]
[WhiteElo "2961"]
[BlackElo "2500"]
[TimeControl "180+1"]
[EndTime "8:17:53 PDT"]
[Termination "wonderfultime won on time"]

1. d4 Nf6 2. Nf3 g6 3. Bg5 Bg7 4. Nbd2 d5 5. c3 O-O 6. e3 Bg4 7. Qb3 b6 8. h3 Bxf3 9. Nxf3 e6 10.
Be2 c5 11. O-O Nbd7 12. c4 dxc4 13. Qxc4 cxd4 14. Nxd4 Nc5 15. Rfd1 Qe7 16. Bf3 Rac8 17. Nc6 Qb7 18. Rac1 Nd5 19. Rxd5 exd5 20. Bxd5 Qd7 21. Ne7+ Kh8 22. Nxc8 Rxc8 23. b4 h6 24. Bxf7 hxg5 25. Bxg6 b5 26. Qc2 Bf8 27. Bf5 Qd6 28. Bxc8 1-0

[Event "Early-Titled-Tuesday-Blitz-August-29-2023"]
[Site "Chess.com"]
[Date "2023.08.29"]
[Round "2"]
[White "Bilan_Danila"]
[Black "InitiatingASC"]
[Result "1-0"]
[WhiteElo "2524"]
[BlackElo "2343"]
[TimeControl "180+1"]
[EndTime "8:17:53 PDT"]
[Termination "Bilan_Danila won by resignation"]

1. d4 d5 2. Nf3 c5 3. c4 cxd4 4. cxd5 Qxd5 5. Nc3 Qd8 6. Qxd4 Nc6 7. Qxd8+ Nxd8 8. e4 Bd7 9. Ne5 Nf6 10. Nxd7 Nxd7 11. Be3 e6 12. O-O-O a6 13. f4 Rc8 14. Kb1 Bc5 15. Bc1 Nb6 16. e5 Nc6 17. g3 O-O 18.
Ne4 Be7 19. Be3 Nd5 20. Bc5 Rfd8 21. Bxe7 Ncxe7 22. Nd6 Rc7 23. Bd3 Nc8 24. Nxc8 Rdxc8 25. Rc1 Rxc1+ 26. Rxc1 Rxc1+ 27. Kxc1 Kf8 28. Kd2 Ke7 29. h4 g6 30. Be4 Kd7 31. Bxd5 exd5 32. Kd3 h5 33.
Kd4 Kc6 34. a3 b6 35. b3 1-0

[Event "Early-Titled-Tuesday-Blitz-August-29-2023"]
[Site "Chess.com"]
[Date "2023.08.29"]
[Round "2"]
[White "kuanysh1981"]
[Black "RAMBO1STBLOOD"]
[Result "1-0"]
[WhiteElo "2487"]
[BlackElo "2259"]
[TimeControl "180+1"]
[EndTime "8:17:53 PDT"]
[Termination "kuanysh1981 won by resignation"]

1. e4 c5 2. Nf3 Nc6 3. b3 Nf6 4. e5 Nd5 5. Bb2 e6 6. c4 Nc7 7. Nc3 Be7 8. d4 cxd4 9. Nxd4 Nxe5 10. Qh5 Ng6 11. Rd1 O-O 12. Bd3 Bf6 13. Ne4 d5 14.
Nxf6+ Qxf6 15. O-O e5 16. Nf3 d4 17. Nxe5 Qxe5 18.
Bxg6 Qxh5 19. Bxh5 Ne6 20. Bf3 Rd8 21. Bd5 Nf4 22.
Bf3 d3 23. g3 Nh3+ 24. Kg2 Ng5 25. Bd5 Bh3+ 26. Kg1 Bxf1 27. Kxf1 a5 28. a4 Ne6 29.
Rxd3 Nc5 30. Rf3 Rd7 31. Bd4 Ne6 32. Be5 Rc8 33. h4 Re7 34. Bc3 b6 35. Kg2 Nc5 36.
Bd4 Rd7 37. h5 h6 38. g4 Re7 39. Kg3 Rd7 40. Rf5 Re7 41. g5 hxg5 42. Rxg5 Ne6 43.
Bxe6 fxe6 44. Bxb6 Rb8 45. c5 e5 46. Kf3 Rf8+ 47.
Ke3 Rf4 48. Kd3 Rxf2 49. c6 Rf3+ 50. Kc4 Rf1 51. c7 Rc1+ 52. Kb5 e4 53. Bxa5 e3 54. Rc5 Rxc5+ 55. Kxc5 Re8 56. Kd6 e2 57. Kd7 Kf7 58. c8=Q Rxc8 59. Kxc8 1-0

[Event "Early-Titled-Tuesday-Blitz-August-29-2023"]
[Site "Chess.com"]
[Date "2023.08.29"]
[Round "2"]
[White "superfast64"]
[Black "maurovargas01"]
[Result "1-0"]
[WhiteElo "2428"]
[BlackElo "1910"]
[TimeControl "180+1"]
[EndTime "8:17:54 PDT"]
[Termination "superfast64 won on time"]

1. d4 d5 2. Bg5 h5 3. Nf3 Bg4 4. Nbd2 Qd7 5. h3 Bf5 6. e3 f6 7.
Bf4 g5 8. Bg3 Nh6 9. c4 e6 10.
Qb3 c6 11. Be2 Bg6 12. a3 Bg7 13. Rc1 O-O 14. Nb1 Nf5 15. Bh2 Na6 16. cxd5 exd5 17. Bxa6 bxa6 18. Nc3 Rfe8 19. Na4 g4 20. Nc5 Qc8 21. hxg4 hxg4 22. Nd2 Nxd4 23. Qd1 Rb8 24.
b4 a5 25. Bxb8 Qxb8 26. O-O Nf3+ 27. gxf3 gxf3 28. Qxf3 axb4 29. axb4 Qxb4 30. Qg3 Kf7 31. Nf3 Re4 32. Nxe4 Bxe4 33. Kg2 1-0

[Event "Early-Titled-Tuesday-Blitz-August-29-2023"]
[Site "Chess.com"]
[Date "2023.08.29"]
[Round "2"]
[White "Genghis_K"]
[Black "OlaaLa"]
[Result "1-0"]
[WhiteElo "2891"]
[BlackElo "2432"]
[TimeControl "180+1"]
[EndTime "8:17:55 PDT"]
[Termination "Genghis_K won by resignation"]

1. e4 c6 2. d4 d5 3. e5 Bf5 4. h4 h5 5. Bg5 Qb6 6. Bd3 Bxd3 7. Qxd3 Qxb2 8. Nf3 Na6 9. e6 f5 10. O-O O-O-O 11.
c3 Nc7 12. Nbd2 Qb5 13. Qxf5 Nh6 14. Qg6 Qa5 15. Ne5 Qxc3 16. Ndf3 Rd6 17. Rfc1 Qa5 18.
Bxh6 Rxh6 19. Qf5 Rf6 20. Qxh5 Nxe6 21. Rab1 Qd8 22. Nd3 Nf4 23. Qg4+ Ne6 24. Nfe5 Kc7 25. Rb3 g6 26. Ra3 Bh6 27. Rb1 a6 28. Rab3 b5 29. a4 Bd2 30. axb5 cxb5 31. Qd1 Ba5 32. Ra3 Kb8 33.
Rba1 Bc7 34. Rxa6 Rxa6 35. Rxa6 Nxd4 36. Ra2 Bxe5 37. Nxe5 Nf5 38. Qa1 Qb6 39. Nd7+ Kc7 40. Nxb6 1-0

[Event "Early-Titled-Tuesday-Blitz-August-29-2023"]
[Site "Chess.com"]
[Date "2023.08.29"]
[Round "2"]
[White "Gauravthegm"]
[Black "SashaKuzhilniy"]
[Result "1-0"]
[WhiteElo "2414"]
[BlackElo "2604"]
[TimeControl "180+1"]
[EndTime "8:17:55 PDT"]
[Termination "Gauravthegm won by resignation"]

1. e4 g6 2. h4 Bg7 3. h5 d6 4. d4 a6 5. h6 Bf8 6. a4 Nd7 7. Nc3 Ngf6 8. Nf3 e5 9. dxe5 dxe5 10. Bg5 Be7 11. Bc4 O-O 12. O-O c6 13. a5 Nh5 14.
Bxe7 Qxe7 15. Qd2 Nf4 16. g3 Ne6 17. Bxe6 Qxe6 18. Rad1 Qh3 19. Qe3 Re8 20. Rd6 Nf8 21. Qg5 Ne6 22. Qxe5 Qxh6 23. Rfd1 Ng7 24. Rd8 Bg4 25.
Rxa8 Rxa8 26. Qf6 Ne6 27. Ne5 Bxd1 28. Qxf7+ Kh8 29. Nxd1 Ng7 30. Qxb7 Rf8 31. Nf7+ Rxf7 32. Qxf7 Nh5 33. Ne3 Nxg3 34. Qf6+ Kg8 35. Qe6+ Kh8 36. Qe5+ Qg7 37. Qxg7+ Kxg7 38. fxg3 1-0

[Event "Early-Titled-Tuesday-Blitz-August-29-2023"]
[Site "Chess.com"]
[Date "2023.08.29"]
[Round "2"]
[White "tptagain"]
[Black "jsdbv18"]
[Result "1-0"]
[WhiteElo "2882"]
[BlackElo "2565"]
[TimeControl "180+1"]
[EndTime "8:17:56 PDT"]
[Termination "tptagain won by resignation"]

1. Nf3 Nf6 2. b3 d5 3. Bb2 e6 4.
c4 Be7 5. g3 O-O 6. Bg2 b6 7.
cxd5 exd5 8. O-O Bb7 9. e3 Nbd7 10. Nc3 Re8 11. Rc1 a6 12. Ne2 Bd6 13. Nf4 Ne5 14.
Nxe5 Bxe5 15. Bxe5 Rxe5 16. d4 Re7 17. b4 Qd6 18. Qb3 a5 19. b5 Rae8 20. Rc2 h5 21.
Nd3 h4 22. Ne5 hxg3 23. hxg3 Nh7 24. Nc6 Rd7 25. Qd3 g6 26. Qe2 Kg7 27. Rfc1 f5 28. Qf3 Bxc6 29. Rxc6 Qe7 30. Qf4 Rc8 31. Rxb6 cxb6 32.
Rxc8 Rd6 33. Rc6 Rxc6 34. bxc6 Nf6 35. c7 Qd7 36. Qe5 Kf7 37. a4 Qc8 38. Bxd5+ Nxd5 39. Qxd5+ Ke7 40. Qc6 1-0

[Event "Early-Titled-Tuesday-Blitz-August-29-2023"]
[Site "Chess.com"]
[Date "2023.08.29"]
[Round "2"]
[White "albi1999"]
[Black "imdvb6307"]
[Result "1-0"]
[WhiteElo "2667"]
[BlackElo "2406"]
[TimeControl "180+1"]
[EndTime "8:17:56 PDT"]
[Termination "albi1999 won by resignation"]

1. f4 d5 2. Nf3 c6 3. g3 g6 4. Bg2 Bg7 5. Nc3 d4 6. Ne4 Bf5 7. Nf2 Nf6 8. O-O c5 9. c3 Nc6 10. cxd4 cxd4 11. b4 a6 12. Bb2 Ne4 13. Ne5 Nxf2 14.
Rxf2 Nxe5 15. fxe5 Qb6 16. Qa4+ Bd7 17. Qb3 e6 18. Qf3 O-O 19. Qxb7 Qxb7 20. Bxb7 Rab8 21.
Bxa6 Rxb4 22. Ba3 Ra4 23. Bxf8 Kxf8 24. Bd3 Bxe5 25. Rff1 Bc6 26. Rfb1 Bd5 27. Rb2 h5 28. Kf2 Kg7 29. h3 Kf6 30. Rc2 Bb3 31. Rb2 Bd5 32. a3 Bd6 33. Rb6 Rxa3 34. Rxa3 Bxa3 35. Rb8 e5 36.
Rb6+ Ke7 37. Rb5 Ke6 38. Bc2 e4 39. Bb3 Bxb3 40. Rxb3 Bc5 41. Rb5 d3+ 42. Rxc5 1-0

[Event "Early-Titled-Tuesday-Blitz-August-29-2023"]
[Site "Chess.com"]
[Date "2023.08.29"]
[Round "2"]
[White "blitzo_vich"]
[Black "masenik"]
[Result "0-1"]
[WhiteElo "2594"]
[BlackElo "2401"]
[TimeControl "180+1"]
[EndTime "8:17:56 PDT"]
[Termination "masenik won by resignation"]

1. d4 Nf6 2. Nc3 d5 3. Bg5 Nbd7 4. Nf3 h6 5. Bh4 e6 6. e4 g5 7. e5 gxh4 8. exf6 Qxf6 9. h3 a6 10. Bd3 b5 11. Qe2 Bb7 12. O-O-O Bb4 13. Nb1 Bd6 14. Nbd2 Rg8 15. Rhg1 O-O-O 16. a4 c6 17. Kb1 Rde8 18. axb5 axb5 19. Nb3 Qd8 20. Qd2 Qb6 21. Qxh6 Kc7 22. Qxh4 Ra8 23. Rde1 Qa7 24. Ne5 Bxe5 25. dxe5 c5 26.
Bxb5 Rge8 27. Qf4 c4 28. Qxf7 Bc6 29. Bxc6 Kxc6 30. Qf4 Qa2+ 31. Kc1 cxb3 32. Qb4 Nc5 33. Kd2 Qxb2 34. Rc1 Ra2 35. Rgd1 Rf8 36. Ke1 bxc2 0-1

[Event "Early-Titled-Tuesday-Blitz-August-29-2023"]
[Site "Chess.com"]
[Date "2023.08.29"]
[Round "2"]
[White "Ural_bogatyr"]
[Black "jcibarra"]
[Result "1/2-1/2"]
[WhiteElo "2582"]
[BlackElo "2874"]
[TimeControl "180+1"]
[EndTime "8:17:58 PDT"]
[Termination "Game drawn by repetition"]

1. d4 Nf6 2. Nc3 d5 3. Bf4 c5 4.
e4 Nxe4 5. Nxe4 dxe4 6. dxc5 Qa5+ 7. c3 Qxc5 8. Qa4+ Nc6 9. Qxe4 g6 10. Nf3 Bg7 11. Qe3 Qa5 12. Bc4 O-O 13. O-O Bg4 14.
h3 Bxf3 15. Qxf3 e6 16. Rfd1 Ne5 17. Bxe5 Bxe5 18. a4 Rac8 19. Bf1 Qb6 20. Rd2 Rc7 21. a5 Qc5 22. a6 b6 23. Rad1 Qe7 24. Qe4 Bf6 25. Qa4 Rfc8 26. Rd7 Qc5 27. Qe4 Kg7 28. Qxe6 Rf8 29. Rxc7 Qxc7 30. Rd7 Qb8 31. Qc6 Qe8 32. Qd5 Qe1 33. Rxa7 Be7 34. b4 Rd8 35. Qc4 Rd2 36.
Qf4 Rd1 37. Qc4 Rd2 38. Qf4 Rd1 39. Qc4 Rd2 1/2-1/2

[Event "Early-Titled-Tuesday-Blitz-August-29-2023"]
[Site "Chess.com"]
[Date "2023.08.29"]
[Round "2"]
[White "SchmakAttack"]
[Black "Zq1"]
[Result "1-0"]
[WhiteElo "2810"]
[BlackElo "2532"]
[TimeControl "180+1"]
[EndTime "8:17:58 PDT"]
[Termination "SchmakAttack won on time"]

1. d4 d5 2. Nc3 Nf6 3. Bf4 a6 4. e3 e6 5. Nf3 c5 6. Ne5 Nc6 7. Qd2 Be7 8. Be2 O-O 9. g4 cxd4 10. exd4 Qb6 11. O-O-O Ne4 12. Nxe4 dxe4 13. g5 Nb4 14. a3 Nd5 15. h4 f6 16. gxf6 Bxf6 17. c4 Qc7 18. Bg3 b5 19. Ng6 Qc6 20. Nxf8 Kxf8 21. Qc2 bxc4 22. Qxc4 Qb7 23. Kb1 Bd7 24. Rc1 Rc8 25.
Qxa6 Qxa6 26. Bxa6 Ra8 27. Bb7 Ra4 28. Bxd5 exd5 29. Rc7 Bf5 30. Ka2 Rxd4 31. Rhc1 Rd2 32.
Rb7 Be6 33. Rc6 1-0

[Event "Early-Titled-Tuesday-Blitz-August-29-2023"]
[Site "Chess.com"]
[Date "2023.08.29"]
[Round "2"]
[White "Rud_Makarian"]
[Black "Aemulus20"]
[Result "1-0"]
[WhiteElo "3016"]
[BlackElo "2647"]
[TimeControl "180+1"]
[EndTime "8:17:59 PDT"]
[Termination "Rud_Makarian won on time"]

1. d4 Nf6 2. c4 g6 3. Nc3 Bg7 4. e4 d6 5. Be2 O-O 6. Be3 e5 7.
d5 c6 8. Nf3 Ng4 9. Bg5 f6 10.
Bc1 Nh6 11. O-O c5 12. Ne1 f5 13. exf5 gxf5 14. g3 Kh8 15. Ng2 f4 16. gxf4 exf4 17.
Bxf4 Bh3 18. Bg3 Nf5 19. Bd3 Nd7 20. Qh5 Bxg2 21. Kxg2 Nh6 22. Rae1 Nf6 23. Qd1 Nf7 24. Re6 Ng5 25. Rxd6 Qc8 26. Kh1 Qh3 27. Rg1 Ng4 28. Bf1 Qh5 29. Be2 Nxf2+ 30. Bxf2 Qh3 31. Bg3 1-0

[Event "Early-Titled-Tuesday-Blitz-August-29-2023"]
[Site "Chess.com"]
[Date "2023.08.29"]
[Round "2"]
[White "SHIVACalypso"]
[Black "AlejandroArias"]
[Result "1-0"]
[WhiteElo "2507"]
[BlackElo "2288"]
[TimeControl "180+1"]
[EndTime "8:17:59 PDT"]
[Termination "SHIVACalypso won on time"]

1. Nf3 d5 2. c4 e6 3. g3 c5 4. cxd5 exd5 5. Bg2 Nc6 6. O-O Nf6 7. b3 Be7 8. Bb2 O-O 9. d4 Re8 10. dxc5 Bxc5 11.
Nc3 Bg4 12. Na4 Bf8 13. Nd4 Nxd4 14. Qxd4 Bxe2 15. Rfe1 Bh5 16. Qh4 Rxe1+ 17. Rxe1 Bg6 18. Bxf6 gxf6 19. Rd1 Rc8 20. Bxd5 Qe7 21. Qf4 Rc2 22. Bc4 a6 23. Nb6 Rxa2 24. Nd5 Qc5 25. Nxf6+ Kg7 26. Nd7 Qf5 27. Qd4+ Kh6 28. Nxf8 Bh5 29. Re1 Bf3 30.
Nd7 Bc6 31. Qf6+ Qxf6 32. Nxf6 Rb2 33. Ng4+ Kg5 34. Ne5 Be8 35. Bxf7 Bxf7 36. Nxf7+ Kf6 37. Nd6 Rxb3 38. h4 a5 39. Ra1 b6 40. Nc4 Ke6 41. Nxb6 Rxb6 42. Rxa5 Kf6 43. Rg5 h6 44. Rg8 Kf7 45. Rg4 Rb3 46. Kg2 Kf6 47. h5 Kf7 48.
Rg6 Rb5 49. Rxh6 1-0

[Event "Early-Titled-Tuesday-Blitz-August-29-2023"]
[Site "Chess.com"]
[Date "2023.08.29"]
[Round "2"]
[White "EvgenyBurmakin"]
[Black "ybothg"]
[Result "0-1"]
[WhiteElo "2263"]
[BlackElo "2487"]
[TimeControl "180+1"]
[EndTime "8:17:59 PDT"]
[Termination "ybothg won on time"]

1. e4 c5 2. Nc3 Nc6 3. Bb5 Nd4 4. Bc4 a6 5. Nf3 b5 6. Bd5 Ra7 7. Nxd4 cxd4 8. Ne2 e6 9. Bb3 Nf6 10. d3 Bc5 11. O-O d5 12. e5 Nd7 13. c3 Qb6 14. cxd4 Be7 15. Be3 O-O 16. Qd2 a5 17. a3 Rc7 18. Rac1 a4 19. Ba2 Ba6 20. Rxc7 Qxc7 21. Rc1 Qb6 22. Nf4 b4 23. axb4 Bxb4 24. Qe2 Rc8 25. Rxc8+ Bxc8 26. Qc2 Qa6 27. h4 h6 28. h5 Bb7 29. Qc7 Bc6 30. Bb1 Be7 31.
Bc2 Kf8 32. Bd1 Ke8 33. Bg4 Bd8 34. Qd6 Be7 35. Qc7 Qb6 36. Qxb6 Nxb6 37. Ne2 Bb5 38. Nc1 a3 39. bxa3 Bxa3 40. Nb3 Na4 0-1

[Event "Early-Titled-Tuesday-Blitz-August-29-2023"]
[Site "Chess.com"]
[Date "2023.08.29"]
[Round "2"]
[White "Aygehovit1992"]
[Black "kacprekt"]
[Result "0-1"]
[WhiteElo "2736"]
[BlackElo "2420"]
[TimeControl "180+1"]
[EndTime "8:18:00 PDT"]
[Termination "kacprekt won on time"]

1. e4 e5 2. Nf3 Nc6 3. Nc3 Nf6 4. d4 exd4 5. Nxd4 Nxe4 6. Nxe4 Qe7 7. Bd3 Nxd4 8. O-O Ne6 9. Re1 h6 10. Qh5 g6 11. Qa5 Bg7 12. Bf4 O-O 13. Be5 b6 14. Qc3 f6 15. Bxc7 f5 16. Be5 fxe4 17. Bxe4 Ba6 18. Bxa8 Rxa8 19. Rad1 Rc8 20. Qb3 Bb7 21. Bxg7 Qxg7 22. Rxe6 dxe6 23. Qxe6+ Kh8 24. Rd7 Qxb2 25. h4 Qc1+ 26. Kh2 Qf4+ 27. Kh3 Be4 28. Rf7 Bf5+ 29. Rxf5 Qxf5+ 30. Qxf5 gxf5 0-1

[Event "Early-Titled-Tuesday-Blitz-August-29-2023"]
[Site "Chess.com"]
[Date "2023.08.29"]
[Round "2"]
[White "Vladimir_Zakhartsov"]
[Black "BlitzWizard04"]
[Result "1-0"]
[WhiteElo "2909"]
[BlackElo "2601"]
[TimeControl "180+1"]
[EndTime "8:18:01 PDT"]
[Termination "Vladimir_Zakhartsov won by resignation"]

1. e4 c5 2. Nf3 e6 3. g3 d5 4.
exd5 exd5 5. d4 cxd4 6. Nxd4 Nf6 7.
Bg2 Nc6 8. O-O Bg4 9. Nxc6 bxc6 10. Qd4 Be7 11. c4 Be6 12. cxd5 Bxd5 13. Nc3 Bxg2 14.
Qxd8+ Rxd8 15. Kxg2 O-O 16. Be3 Nd5 17. Nxd5 Rxd5 18.
Rfc1 c5 19. Rc4 Bf6 20. Rxc5 Rxc5 21. Bxc5 Ra8 22. Rd1 a5 23. b3 g6 24. Kf3 Rc8 25.
Rd5 Kg7 26. Be3 Bc3 27. Rc5 Rxc5 28. Bxc5 Kf6 29. Ke4 Ke6 30. Kd3 Be1 31. f3 Kd5 32. Be3 a4 33. bxa4 f5 34. Bd2 Bf2 35. a5 Bg1 36. h3 Bh2 37. Be1 Bg1 38. a6 Kc6 39. Bd2 Bh2 40. g4 Kb6 41. Kd4 Kxa6 42. Kd5 fxg4 43. fxg4 Kb5 44. Ke6 h5 45. g5 Ka4 46.
Kf6 Ka3 47. Kxg6 h4 48. Kh5 Kxa2 49. Bc3 Bd6 50. g6 Bf8 51. g7 Bxg7 52. Bxg7 Kb3 53. Kxh4 Kc4 54. Kg5 Kd5 55. Kg6 Ke6 56. h4 1-0

[Event "Early-Titled-Tuesday-Blitz-August-29-2023"]
[Site "Chess.com"]
[Date "2023.08.29"]
[Round "2"]
[White "Hope_6"]
[Black "Schattman"]
[Result "1-0"]
[WhiteElo "2740"]
[BlackElo "2414"]
[TimeControl "180+1"]
[EndTime "8:18:03 PDT"]
[Termination "Hope_6 won on time"]

1. d4 Nf6 2. c4 g6 3. Nc3 d5 4.
cxd5 Nxd5 5. e4 Nxc3 6. bxc3 Bg7 7. Nf3 c5 8. Be3 Qa5 9. Qd2 O-O 10. Rc1 cxd4 11. cxd4 Qxd2+ 12. Kxd2 Rd8 13. Bd3 Bg4 14. d5 e6 15. dxe6 Bxe6 16. Ke2 Nc6 17. Rb1 b6 18. Rhc1 Na5 19. Rc2 Rac8 20. Rbc1 Rxc2+ 21. Rxc2 h6 22. Nd2 Kh7 23. Rc7 Rd7 24. Rc2 Bd4 25. f4 Bxe3 26. Kxe3 f5 27. exf5 Bxf5 28. Bxf5 gxf5 29. Nf3 Nb7 30. Nd4 Nc5 31. Nxf5 Rd3+ 32. Ke2 Ra3 33. Ne3 Kg6 34. g4 h5 35. h3 hxg4 36. hxg4 Kf6 37.
Rd2 Ke6 38. f5+ Ke5 39. Nc4+ Kf4 40. Nxa3 1-0

[Event "Early-Titled-Tuesday-Blitz-August-29-2023"]
[Site "Chess.com"]
[Date "2023.08.29"]
[Round "2"]
[White "ferrufino64"]
[Black "Rosh1610"]
[Result "0-1"]
[WhiteElo "2078"]
[BlackElo "2440"]
[TimeControl "180+1"]
[EndTime "8:18:03 PDT"]
[Termination "Rosh1610 won on time"]

1. e4 c5 2. Nf3 d6 3. d4 cxd4 4.
Nxd4 Nf6 5. Nc3 a6 6. Be3 e5 7. Nb3 Be7 8. f3 Be6 9. Qd2 h5 10.
O-O-O Nbd7 11. Kb1 Rc8 12. Nd5 Nxd5 13. exd5 Bf5 14.
Bd3 Bxd3 15. Qxd3 Bg5 16. Bf2 O-O 17. h4 Be7 18. g4 Nf6 19. g5 Nd7 20. g6 f5 21. f4 e4 22. Qe2 Nf6 23. Nd4 Qd7 24.
Ne6 Rfe8 25. Bd4 Qb5 26. Rd3 exd3 27. cxd3 Qxd5 28. Re1 Ng4 29. Nxg7 Rf8 30. Bc3 Bf6 0-1

[Event "Early-Titled-Tuesday-Blitz-August-29-2023"]
[Site "Chess.com"]
[Date "2023.08.29"]
[Round "2"]
[White "Iball95"]
[Black "Ducke13"]
[Result "1-0"]
[WhiteElo "2777"]
[BlackElo "2432"]
[TimeControl "180+1"]
[EndTime "8:18:04 PDT"]
[Termination "Iball95 won on time"]

1. e4 c5 2. Nf3 d6 3. Nc3 Nf6 4. d4 cxd4 5. Qxd4 Nc6 6. Bb5 Bd7 7.
Bxc6 Bxc6 8. Bg5 e5 9. Qd3 h6 10. Bxf6 Qxf6 11. O-O-O Be7 12. Nd5 Bxd5 13. Qxd5 O-O 14.
Qxb7 Rab8 15. Qd5 Rfc8 16. Kb1 Rc5 17. Qd3 Rcb5 18. b3 a5 19. Rhe1 a4 20. Re2 axb3 21.
cxb3 Ra5 22. Nd2 d5 23. exd5 e4 24. Nxe4 Qb6 25. d6 Bd8 26. d7 g6 27. Qd4 Qa6 28. Qd3 Rxb3+ 29. Qxb3 Qxe2 30. Nc3 Qe5 31. Rd2 Kg7 32.
Re2 Qf5+ 33. Qc2 Qxd7 34. Rd2 Qb7+ 35. Qb2 Qc6 36. Rxd8 Ra6 37. a4 Rb6 38. Nb5+ f6 39.
Qd4 Rb7 40. Rd6 Qxg2 41. Rd7+ Rxd7 42. Qxd7+ Kg8 43. Qe8+ Kg7 44. Qe7+ Kg8 45. Qxf6 Qf1+ 46. Kb2 Qe2+ 47. Kb3 Qd1+ 48. Kb4 Qb1+ 49. Ka5 Qe1+ 50. Kb6 Qe4 51. Qd8+ 1-0

[Event "Early-Titled-Tuesday-Blitz-August-29-2023"]
[Site "Chess.com"]
[Date "2023.08.29"]
[Round "2"]
[White "TC2304"]
[Black "Witik"]
[Result "0-1"]
[WhiteElo "2439"]
[BlackElo "2788"]
[TimeControl "180+1"]
[EndTime "8:18:05 PDT"]
[Termination "Witik won on time"]

1. d4 Nf6 2. Bg5 d5 3. Nd2 c5 4.
e3 cxd4 5. exd4 Nc6 6. c3 Bf5 7. Qb3 Qd7 8. Ngf3 Ne4 9. Bf4 f6 10. Bb5 g5 11. Be3 e6 12. O-O h5 13. Nxe4 Bxe4 14. Nd2 Bg6 15. f4 g4 16. f5 Bxf5 17.
Rxf5 exf5 18. Re1 O-O-O 19. c4 Kb8 20. cxd5 Qxd5 21. Bc4 Qa5 22. d5 Ne5 23. Bf4 Bb4 24. Rxe5 fxe5 25. Bxe5+ Ka8 26. Bxh8 Rxh8 27. Nf1 Bc5+ 28.
Kh1 Qe1 29. Qc3 Qxc3 30. bxc3 Re8 31. g3 f4 32. gxf4 h4 33. Kg2 Re4 34. Bb3 Rxf4 35. d6 Rf2+ 36. Kg1 h3 0-1

[Event "Early-Titled-Tuesday-Blitz-August-29-2023"]
[Site "Chess.com"]
[Date "2023.08.29"]
[Round "2"]
[White "Juicy_Fork"]
[Black "krzyzan94"]
[Result "0-1"]
[WhiteElo "2389"]
[BlackElo "2749"]
[TimeControl "180+1"]
[EndTime "8:18:05 PDT"]
[Termination "krzyzan94 won by checkmate"]

1. e4 c5 2. Nf3 d6 3. d4 cxd4 4. Nxd4 Nf6 5. Nc3 a6 6. Bd3 g6 7. f3 Bg7 8. Be3 Nc6 9. Qd2 Bd7 10. O-O-O Rc8 11. g4 b5 12. g5 Nh5 13. Be2 Ne5 14.
Nd5 Nc4 15. Bxc4 Rxc4 16. b3 Rc8 17. Nf5 Bxf5 18. exf5 O-O 19. Bd4 e6 20. Bxg7 Kxg7 21. f6+ Kh8 22. Ne7 Rc5 23. f4 d5 24. Rde1 Qd6 25.
Rhf1 b4 26. Kb1 a5 27. Re3 d4 28. Rh3 Rc3 29. Rxh5 gxh5 30. Qe2 d3 31. Qxh5 dxc2+ 32. Kc1 Rd3 33. Rf3 Rd1+ 34. Kxc2 Qd2# 0-1

[Event "Early-Titled-Tuesday-Blitz-August-29-2023"]
[Site "Chess.com"]
[Date "2023.08.29"]
[Round "2"]
[White "fastestmindalive"]
[Black "KorolDimitriy75"]
[Result "1-0"]
[WhiteElo "2724"]
[BlackElo "2349"]
[TimeControl "180+1"]
[EndTime "8:18:05 PDT"]
[Termination "fastestmindalive won on time"]

1. e4 c5 2. Nc3 g6 3. f4 Bg7 4. Nf3 Nc6 5. Bb5 Nd4 6. a4 e6 7.
e5 a6 8. Bc4 f5 9. h4 Nh6 10.
h5 O-O 11. d3 d6 12. Be3 Ng4 13. Nxd4 Nxe3 14. Nxe6 Bxe6 15. Bxe6+ Kh8 16. hxg6 h6 17. Qh5 dxe5 18. Kd2 Nxg2 19. Qg5 Qxg5 20. fxg5 Nf4 21. Bf7 h5 22. Rxh5+ Nxh5 23. Rh1 Rxf7 24. gxf7 Kh7 25.
Rxh5+ Kg6 26. Rh2 Rf8 27. Nd5 Rxf7 28. Kc3 Kxg5 29. Rg2+ Kh6 30. Kc4 f4 31. Nc3 f3 32.
Rf2 Kg5 33. Ne4+ Kg4 34. Rh2 Bf8 35. Kd5 Rf4 36. a5 Be7 37. Rh7 Bh4 38. Rg7+ Kh3 39. Kxe5 Rf8 40. Rxb7 f2 41. Nd2 f1=Q 42. Nxf1 Rxf1 43.
Kd5 Rf2 44. c4 Rd2 45. Rb3 Bf2 46. Kc6 Bd4 47. Kb6 Kg3 48. Kxa6 Kf3 49. Kb5 Ke3 50.
a6 Be5 51. a7 1-0

[Event "Early-Titled-Tuesday-Blitz-August-29-2023"]
[Site "Chess.com"]
[Date "2023.08.29"]
[Round "2"]
[White "TigranHH"]
[Black "ChessicallyInclined"]
[Result "0-1"]
[WhiteElo "2320"]
[BlackElo "2721"]
[TimeControl "180+1"]
[EndTime "8:18:05 PDT"]
[Termination "ChessicallyInclined won on time"]

1. d4 Nf6 2. Nf3 d5 3. c4 c6 4.
Nc3 e6 5. e3 Nbd7 6. Bd3 dxc4 7. Bxc4 b5 8. Be2 Bd6 9. e4 e5 10. O-O O-O 11. Bg5 Qc7 12. dxe5 Nxe5 13. Bxf6 gxf6 14. Nd4 Rd8 15. Qc1 Ng6 16. g3 Bh3 17.
Rd1 Be5 18. Nf3 Rxd1+ 19. Bxd1 Rd8 20. Qh6 Be6 21. Rc1 Bxc3 22. bxc3 Bxa2 23. Nd4 Qd6 24. Ra1 Be6 25. Be2 Rd7 26. Ra6 Qf8 27. Qe3 Ne5 28. Qf4 Qd8 29. Nxc6 Nxc6 30. Rxc6 Bh3 31. f3 Rd1+ 32.
Kf2 Rd2 33. Qe3 Be6 34. Ra6 Bc4 0-1

[Event "Early-Titled-Tuesday-Blitz-August-29-2023"]
[Site "Chess.com"]
[Date "2023.08.29"]
[Round "2"]
[White "noblerone"]
[Black "Thormento16"]
[Result "1-0"]
[WhiteElo "2557"]
[BlackElo "2366"]
[TimeControl "180+1"]
[EndTime "8:18:06 PDT"]
[Termination "noblerone won by checkmate"]

1. d4 Nf6 2. Nf3 e6 3. Bg5 c5 4. e3 Nc6 5. c3 Be7 6. Nbd2 Qb6 7. Rb1 d5 8. Bd3 h6 9. Bh4 O-O 10. O-O a6 11. Ne5 Qd8 12. f4 Nd7 13. Bxe7 Nxe7 14.
Qh5 Nf6 15. Qh3 c4 16. Bc2 Nf5 17. g4 Nd6 18. Qg2 b5 19. a3 Bb7 20. g5 hxg5 21.
fxg5 Nfe4 22. Nxe4 Nxe4 23. Bxe4 dxe4 24. Rf4 f6 25.
gxf6 Rxf6 26. Rbf1 Rxf4 27. Rxf4 Qc7 28. Qh3 Bd5 29. Rh4 Kf8 30. Rh8+ Ke7 31. Rh7 Rg8 32. Qg4 Kd8 33. Qg6 a5 34. h4 b4 35. axb4 axb4 36. h5 b3 37. h6 Qa5 38. Qf7 Qa1+ 39. Kg2 Qxb2+ 40. Kg3 Bc6 41. Nxc6+ Kc8 42. Qxg8+ Kc7 43.
Rxg7+ Kxc6 44. Qc8+ Kd5 45. Qd7# 1-0

[Event "Early-Titled-Tuesday-Blitz-August-29-2023"]
[Site "Chess.com"]
[Date "2023.08.29"]
[Round "2"]
[White "JoliyRoger"]
[Black "MeisterJabo"]
[Result "0-1"]
[WhiteElo "2498"]
[BlackElo "2334"]
[TimeControl "180+1"]
[EndTime "8:18:06 PDT"]
[Termination "MeisterJabo won on time"]

1. Nf3 Nf6 2. d4 b6 3. c4 Bb7 4. Nc3 e6 5. a3 Be7 6. Qc2 d5 7. Bg5 O-O 8. Bxf6 Bxf6 9. cxd5 exd5 10. Rd1 Nd7 11. e3 c5 12. Be2 c4 13. O-O a6 14. e4 dxe4 15. Nxe4 b5 16. Ne5 Bxe4 17. Qxe4 Bxe5 18. dxe5 Qe7 19. f4 Nc5 20. Qc6 Rfc8 21.
Qd6 Qa7 22. Kh1 h6 23. f5 Rd8 24. Qxd8+ Rxd8 25. Rxd8+ Kh7 26. h3 Qe7 27. Rd5 Ne4 28.
Kh2 f6 29. e6 Qc7+ 30. Kg1 Qa7+ 31. Kh2 Qc7+ 32. Kg1 Ng3 33. Rf3 Nxe2+ 34. Kf2 Nc1 35. Re3 Nd3+ 0-1